 Dungeon Crawl Stone Soup version 0.31.0-11-ge490571c62 (webtiles) character file.

Game seed: 4945258798945477857

121 hawla the Conjurer (level 4, -8/24 HPs)
             Began as a Deep Elf Earth Elementalist on Jan 29, 2024.
             Killed by divine providence
             ... invoked by an orc priest
              (11 damage)
             ... on level 2 of the Dungeon.
             The game lasted 00:06:58 (2261 turns).

hawla the Conjurer (Deep Elf Earth Elementalist)    Turns: 2261, Time: 00:06:58

Health: -8/24      AC:  3    Str:  5    XL:     4   Next: 76%
Magic:  5/10       EV: 12    Int: 22    God:
Gold:   92         SH:  0    Dex: 15    Spells: 5/9 levels left

rFire   . . .        (no weapon)
rCold   . . .        (no shield)
rNeg    . . .        a - +0 robe
rPois   .            (no helmet)
rElec   .            (no cloak)
rCorr   .            (no gloves)
SInv    .            f - +0 pair of boots
Will    .....        (no amulet)
Stlth   ++           (no ring)
HPRegen 0.24/turn    (no ring)
MPRegen 0.12/turn

%: no passive effects
@: no status effects
A: no striking features
a: no special abilities


You were on level 2 of the Dungeon.
You visited 1 branch of the dungeon, and saw 3 of its levels.

You collected 92 gold pieces.

Inventory:

Armour
 a - a +0 robe (worn)
 f - a +0 pair of boots (worn)
Potions
 b - 2 potions of magic
 c - 2 potions of enlightenment
 e - a potion of might
 g - a potion of resistance


   Skills:
 - Level 2.4 Dodging
 - Level 2.4 Stealth
 - Level 3.0 Spellcasting
 + Level 5.1 Conjurations
 - Level 3.2 Earth Magic


You had 5 spell levels left.
You knew the following spells:

 Your Spells              Type           Power      Damage    Failure   Level
a - Sandblast             Erth           34%        2d9       3%          1
b - Stone Arrow           Conj/Erth      42%        3d9       7%          3

Your spell library contained the following spells:

 Spells                   Type           Power      Damage    Failure   Level
 Passwall                 Erth           17%        N/A       10%         3
 Brom's Barrelling Bould  Conj/Erth      21%        2d4       22%         4
 Petrify                  Alch/Erth      10%        N/A       54%         4


Dungeon Overview and Level Annotations

Branches:
Dungeon (3/15)

Altars:


Message History

HP restored.
You start resting.
Magic restored.
You climb downwards.
There is a stone staircase leading up, spattered with blood here.
Casting: Stone Arrow (quite dangerous; 7% risk of failure)
Confirm with . or Enter, or press ? or * to list all spells.
Aiming: Stone Arrow (quite dangerous; 7% risk of failure)
Press: ? - help, Shift-Dir - straight line, f - orc priest
Aim: an orc priest, wielding a +1 hand axe of venom and wearing a +0 scale mail (75% to hit)
The stone arrow hits the orc priest!
The orc priest is severely wounded.
The orc priest looks encouraged for a moment.
Casting: Stone Arrow (quite dangerous; 7% risk of failure)
Confirm with . or Enter, or press ? or * to list all spells.
Aiming: Sandblast (safe; 3% risk of failure)
Press: ? - help, Shift-Dir - straight line, f/p - orc priest
Aim: an orc priest, wielding a +1 hand axe of venom and wearing a +0 scale mail (severely wounded, 84% to hit)
The blast of sand hits the orc priest but does no damage.
The orc priest is severely wounded.
The orc priest completely misses you.
The orc priest mumbles some strange prayers to Beogh against you.
You barely resist.
The orc priest invokes the aid of Beogh against you.
Beogh smites you!
The orc priest mumbles some strange prayers to Beogh against you.
Pain shoots through your body!
* * * LOW HITPOINT WARNING * * *
You climb upwards.
There is a stone staircase leading down, spattered with blood here.
Casting: Sandblast (safe; 3% risk of failure)
Confirm with . or Enter, or press ? or * to list all spells.
Aiming: Sandblast (safe; 3% risk of failure)
Press: ? - help, Shift-Dir - straight line, f - orc priest
Aim: an orc priest, wielding a +1 hand axe of venom and wearing a +0 scale mail (severely wounded, 84% to hit)
The blast of sand hits the orc priest but does no damage.
The orc priest is severely wounded.
The orc priest invokes the aid of Beogh against you.
Beogh smites you!
You die...

########
#......########
#.####........#
#########.###########.#
...........)...o@[.##.#
##############.)#####.#
#.## #.# #.# #.# ##.#
#.# ###..# #.# #...##
#.#
###########.#########.#
..........)...........#


You could see an orc priest.

Vanquished Creatures
  An orc wizard (D:2)
  3 adders (D:2)
  3 dart slugs (D:1)
  2 ribbon worms
  3 orcs (D:2)
  7 ball pythons
  3 bats
  5 endoplasms
  5 giant cockroaches
  6 goblins
  2 hobgoblins
  2 quokkas (D:1)
  2 frilled lizards
  5 kobolds
  5 rats
54 creatures vanquished.

Notes
Turn   | Place    | Note
-------+----------+-------------------------------------------
     0 | D:1      | hawla the Deep Elf Earth Elementalist began the quest for
                  | the Orb.
     0 | D:1      | Reached XP level 1. HP: 10/10 MP: 6/6
    46 | D:1      | Reached skill level 2 in Conjurations
   126 | D:1      | Reached XP level 2. HP: 15/15 MP: 6/8
   337 | D:1      | Reached skill level 3 in Conjurations
   499 | D:1      | Reached XP level 3. HP: 18/19 MP: 6/9
   990 | D:2      | Learned a level 3 spell: Stone Arrow
  1130 | D:2      | Reached skill level 4 in Conjurations
  1370 | D:2      | Reached XP level 4. HP: 24/24 MP: 4/10
  2082 | D:2      | Reached skill level 5 in Conjurations
  2261 | D:2      | Killed from afar by an orc priest

Illustrated notes

Levels and vault maps discovered:
D:1:      psy_arrival_terrarium, layout_basic
D:2:      layout_basic
D:3:      layout_rooms, demons_altar, bloody_trog, grunt_temple_overflow_open,
          serial_shops, nicolae_shop_bloodbath_and_beyond, minmay_fountain_box,
          minivault_27

Skill      XL: |  1  2  3  4 |
---------------+-------------+-----
Conjurations   | 2 3 4 5 |  5.1
Dodging        | |  2.4
Stealth        | |  2.4
Spellcasting   | |  3.0
Earth Magic    | |  3.2

Action                     |  1- 3 |  4- 6 || total
---------------------------+-------+-------++-------
  Melee: Unarmed           |     1 |       ||     1
   Cast: Sandblast         |    49 |    21 ||    70
         Stone Arrow       |     4 |    10 ||    14
    Use: Scroll            |     2 |     3 ||     5
         Potion            |       |     1 ||     1
   Stab: Sleeping          |     1 |       ||     1
 Armour: Robe              |     8 |     9 ||    17
         Skin              |       |     4 ||     4
  Dodge: Dodged            |     9 |    13 ||    22
